 Seeded DCSS version 0.30-a0-210-g01b79a254e (webtiles) character file.

Game seed: 10389257799748471964 (custom seed)

11519 valliere the Thaumaturge (level 12, -14/90 HPs)
             Began as a Djinni Fire Elementalist on Oct 4, 2022.
             Was an Initiate of Ashenzari.
             Demolished by a shadow (28 damage)
             ... on level 10 of the Dungeon.
             The game lasted 00:53:29 (10896 turns).

valliere the Thaumaturge (DjFE)                    Turns: 10896, Time: 00:53:30

Health: -14/90     AC: 13    Str:  7    XL:     12   Next: 8%
Gold:   561        EV: 14    Int: 21    God:    Ashenzari [......] SH:  0 Dex: 15

rFire   + + .      SeeInvis .    G - +2 whip (venom)
rCold   x . .      Faith    .    (no shield)
rNeg    . . .      Spirit   .    p - +1 ring mail
rPois   ∞          Reflect  .    c - +1 helmet
rElec   .          Harm     .    (no cloak)
rCorr   +          Rampage  .    b - +2 pair of gloves of the Bound Sky {Self, Cun} (curse)
Will    +....                    (boots unavailable)
Stlth   +.........               A - amulet of the acrobat
HPRegen 0.35/turn                m - ring of resist corrosion
MPRegen 0.00/turn                v - ring of wizardry

@: flying
A: sickness immunity, fire resistance 2, cold vulnerability 1, float, innate
caster, HP casting, extra vitality 1
a: Renounce Religion, Shatter the Chains


You were on level 10 of the Dungeon.
You worshipped Ashenzari.
Ashenzari was noncommittal.
You visited 3 branches of the dungeon, and saw 12 of its levels.
You also visited: Sewer and Ossuary.

You collected 561 gold pieces.

Inventory:

Hand Weapons
 a - a +1 dagger of protection
 d - a +0 dagger
 G - a +2 whip of venom (weapon)
 I - a +0 quarterstaff
 O - a +2 dagger of venom
 R - a +1 falchion of holy wrath
Missiles
 z - 4 throwing nets
Armour
 b - the cursed +2 pair of gloves of the Bound Sky (worn) {Self, Cun}
   (You found it on level 2 of the Dungeon)

   It has a curse which improves the following skills: Introspection: Fighting
   and Spellcasting.
   Cunning:   Dodging and Stealth.
 c - a +1 helmet (worn)
 n - a +2 robe of positive energy
 p - a +1 ring mail (worn)
 H - +0 steam dragon scales
 M - a +1 chain mail of fire resistance
Jewellery
 m - a ring of resist corrosion (left hand)
 v - a ring of wizardry (right hand)
 A - an amulet of the acrobat (around neck)
Wands
 F - a wand of flame (33)
 J - a wand of digging (5)
 N - a wand of quicksilver (10)
 P - a wand of charming (17)
Scrolls
 e - a scroll of teleportation
 g - a scroll of summoning {unknown}
 h - a scroll of amnesia
 i - 3 scrolls of butterflies
 l - 2 scrolls of magic mapping
 t - 5 scrolls of brand weapon
 x - 2 scrolls of immolation
 y - a scroll of silence {unknown}
 C - 2 scrolls of enchant weapon {unknown}
 D - a scroll of vulnerability {unknown}
 E - a scroll of blinking {unknown}
 K - 2 scrolls of noise {unknown}
 S - a scroll of fear {unknown}
Potions
 f - 3 potions of attraction
 k - 8 potions of haste
 o - 2 potions of brilliance {unknown}
 q - 2 potions of ambrosia {unknown}
 r - a potion of invisibility {unknown}
 s - 3 potions of cancellation
 u - 3 potions of heal wounds
 w - 3 potions of might
 B - 4 potions of curing
 L - a potion of degeneration {unknown}
 Q - 4 potions of flight


   Skills:
 + Level 9.0(9.4) Fighting
 + Level 7.6 Armour
 + Level 10.1(10.5) Dodging
 - Level 1.6(2.0) Stealth
 * Level 12.3(12.7) Spellcasting


You had 9 spell levels left.
You knew the following spells:

 Your Spells              Type           Power      Damage    Failure   Level
a - Foxfire               Conj/Fire      100%       2x1d9     1%          1
b - Scorch                Fire           100%       2d10      1%          2
c - Kindle Blastsparks    Fire/Tloc/Air  100%       2d18      1%          3
d - Inner Flame           Hex/Fire       61%        N/A       1%          3
e - Flame Wave            Conj/Fire      61%        2d14      1%          4
f - Sting                 Tmut/Pois      100%       1d8       1%          1
g - Call Imp              Summ           61%        N/A       1%          2
h - Call Canine Familiar  Summ           61%        N/A       1%          3
i - Swiftness             Air            61%        N/A       1%          3
j - Yara's Violent Unrav  Hex/Tmut       30%        3d13      1%          5
Your spell library was empty.

Dungeon Overview and Level Annotations

Branches:
Dungeon (10/15)            Temple (1/1) D:6            Lair (1/5) D:9
    Orc (0/2) D:9           Sewer (visited)         Ossuary (visited)

Altars:
Ashenzari
Cheibriados
Dithmenos
Elyvilon
Fedhas
Hepliaklqana
Makhleb
Okawaru
Qazlal
Ru
Trog
Wu Jian
Xom
Yredelemnul
Zin

Shops:
D:7 (

Annotations:
D:4 1 runed translucent door
Lair:1 exclusion: oklob plant


Innate Abilities, Weirdness & Mutations

You are immune to sickness and miasma.
You are immune to poison.
Your flesh is very heat resistant. (rF++)
You are vulnerable to cold. (rC-)
You float through the air rather than walking.
You learn spells naturally, not from books.
Your magical power is your life essence.
You have superior vitality. (+4 MHP)


Message History

The shadow strikes at you from the darkness!
* * * LOW HITPOINT WARNING * * *
Reactivating autopickup.
The shadow attacks as you move away! The shadow hits you.
The shadow attacks as you move away! The shadow barely misses you.
The shadow strikes at you from the darkness!
* * * LOW HITPOINT WARNING * * *
There is a stone staircase leading down here.
Casting: Kindle Blastsparks (safe; 1% risk of failure)
Confirm with . or Enter, or press ? or * to list all spells.
A cloud of volatile blastsparks flares up around you!
* * * LOW HITPOINT WARNING * * *
The shadow hits you.
* * * LOW HITPOINT WARNING * * *
The shadow hits you.
The centaur warrior skeleton attacks as you move away!
The centaur warrior skeleton hits you.
* * * LOW HITPOINT WARNING * * *
The centaur warrior skeleton kicks you.
* * * LOW HITPOINT WARNING * * *
The cloud of blastsparks explodes!
The concussive blast engulfs the shadow!
The shadow is moderately damaged.
The concussive blast engulfs the centaur warrior skeleton.
The centaur warrior skeleton is lightly damaged.
The concussive blast engulfs the shadow.
The shadow is almost destroyed.
The concussive blast engulfs you. You resist.
* * * LOW HITPOINT WARNING * * *
The centaur warrior skeleton is knocked back by the blast.
The shadow is knocked back by the blast.
You are knocked back by the blast.
The shadow slips into darkness.
The shadow flickers and vanishes!
Deactivating autopickup; reactivate with Ctrl-A.
A wight comes into view. It is wielding a +0 flail.
The wight moves out of view.
You feel better.
The shadow strikes at you from the darkness!
You die...

#....# #......# ####....#
#...[..# ...#....# #......#
...#....###...>..#
.........##......# #
#........##......####.##
#........##.............
'........zZ.ZW.{......#
#........#######@################
#........# #.................
#........# #..#############.#
#.######## #................. #Z#
##.............#..# .z#
##...#..........#..# ..Z#
#...............#..# #..#
#..#.##.#######.#### #..#
#..#..........#.#


You could see a skeletal warrior, a shadow and 2 centaur warrior skeletons.

Vanquished Creatures
  A two-headed ogre (D:8)
  A gargoyle (D:7)
  Psyche (D:9)
  2 centaur skeletons (D:10)
  An unseen horror zombie (D:10)
  A hornet (D:8)
  3 blink frogs (Lair:1)
  2 flying skulls (D:10)
  A shadow (D:7)
  A wyvern (D:7)
  5 yaks
  5 steam dragons
  Menkaure (Ossuary)
  Duvessa (D:7)
  2 water moccasins (Lair:1)
  A sky beast (D:7)
  5 ice beasts
  A black bear (D:6)
  2 orc warriors (D:9)
  An ogre (D:7)
  3 phantoms
  2 centaurs (D:9)
  4 kobold brigands
  7 bullfrogs
  A necrophage (D:5)
  4 gnoll sergeants
  3 scorpions
  8 wights
  Dowan (D:7)
  13 killer bees
  A human zombie (D:7)
  5 jellies
  4 gnoll boudas
  10 hounds
  7 orc priests
  2 iguanas
  12 orc wizards
  10 adders
  28 gnolls
  8 river rats (Sewer)
  2 shadow imps
  A white imp (D:5)
  An ufetubus (D:5)
  A worm (D:2)
  2 dart slugs
  31 orcs
  6 endoplasms
  6 giant cockroaches
  7 goblins
  8 hobgoblins
  8 jackals
  6 quokkas
  8 ball pythons
  8 bats
  3 frilled lizards
  3 gnoll skeletons (Ossuary)
  3 goblin skeletons
  A goblin zombie (Ossuary)
  2 hobgoblin zombies (Ossuary)
  21 kobolds
  2 kobold skeletons (Ossuary)
  2 kobold zombies (Ossuary)
  2 orc skeletons (Ossuary)
  3 orc zombies (Ossuary)
  26 rats
  3 rat zombies (Ossuary)
337 creatures vanquished.

Vanquished Creatures (collateral kills)
  A cane toad (Lair:1)
  A gnoll sergeant (D:9)
  A bullfrog (Lair:1)
  A killer bee (D:8)
  A howler monkey (D:9)
  2 orc priests (D:9)
  3 mummies (Ossuary)
  An orc (D:9)
  3 gnoll skeletons (Ossuary)
  A gnoll zombie (Ossuary)
  A goblin (D:9)
  4 goblin skeletons (Ossuary)
  2 goblin zombies (Ossuary)
  A hobgoblin skeleton (Ossuary)
  2 hobgoblin zombies (Ossuary)
  3 kobold skeletons (Ossuary)
  3 kobold zombies (Ossuary)
  2 orc skeletons (Ossuary)
  2 orc zombies (Ossuary)
  3 rat skeletons (Ossuary)
  4 rat zombies (Ossuary)
42 creatures vanquished.

Vanquished Creatures (others)
  887 foxfires
  2 plants (D:9)
889 creatures vanquished.

Grand Total: 1268 creatures vanquished

Notes
Turn   | Place    | Note
-------+----------+-------------------------------------------
     0 | D:1      | valliere the Djinni Fire Elementalist began the quest for
                  | the Orb.
     0 | D:1      | valliere set off with the following spells memorised:
                  | Foxfire, Scorch, Kindle Blastsparks, Inner Flame, Flame
                  | Wave.
     0 | D:1      | Reached XP level 1. HP: 15/15 MP: 0/0
   161 | D:1      | Reached XP level 2. HP: 20/22 MP: 0/0
   572 | D:1      | Reached XP level 3. HP: 24/26 MP: 0/0
   572 | D:1      | Learned a level 1 spell: Sting
   573 | D:1      | Reached skill level 1 in Fighting
   659 | D:1      | Identified a scroll of acquirement
   660 | D:1      | Acquired a manual of Spellcasting
   673 | D:2      | Reached skill level 3 in Spellcasting
   749 | D:2      | Found a basalt altar of Yredelemnul.
  1031 | D:2      | Reached XP level 4. HP: 32/32 MP: 0/0
  1160 | D:2      | Found a faded altar of an unknown god.
  1671 | D:3      | Reached XP level 5. HP: 26/38 MP: 0/0
  1671 | D:3      | Learned a level 2 spell: Call Imp
  2044 | D:3      | Reached skill level 4 in Spellcasting
  2122 | D:3      | Found a glowing drain.
  2148 | Sewer    | Entered a sewer
  2223 | Sewer    | Noticed a kobold brigand
  2232 | Sewer    | Killed a kobold brigand
  2233 | Sewer    | Reached XP level 6. HP: 43/45 MP: 0/0
  2341 | Sewer    | Reached skill level 5 in Spellcasting
  2515 | Sewer    | Reached XP level 7. HP: 46/49 MP: 0/0
  2515 | Sewer    | Learned a level 3 spell: Call Canine Familiar
  2865 | Sewer    | Reached skill level 5 in Armour
  2865 | Sewer    | Reached skill level 10 in Spellcasting
  2865 | Sewer    | Reached XP level 8. HP: 62/62 MP: 0/0
  3335 | D:4      | Found a runed translucent door.
  3335 | D:4      | Noticed a human
  3337 | D:4      | Found a basalt altar of Yredelemnul.
  3415 | D:4      | Found a white marble altar of Elyvilon.
  3472 | D:4      | Found a hazy altar of Hepliaklqana.
  3894 | D:5      | Entered Level 5 of the Dungeon
  4088 | D:5      | Reached XP level 9. HP: 33/67 MP: 0/0
  4088 | D:5      | Learned a level 3 spell: Swiftness
  4103 | D:5      | Found a stormy altar of Qazlal.
  5510 | D:6      | Found a staircase to the Ecumenical Temple.
  5517 | Temple   | Entered the Ecumenical Temple
  5545 | Temple   | Became a worshipper of Ashenzari the Shackled
  5735 | D:7      | Reached skill level 11 in Spellcasting
  5880 | D:7      | Noticed Dowan
  5901 | D:7      | Noticed Duvessa
  5909 | D:7      | Killed Duvessa
  5910 | D:7      | Reached XP level 10. HP: 63/75 MP: 0/0
  5910 | D:7      | Killed Dowan
  6083 | D:7      | Found Ogauczae's Weapon Shoppe.
  6245 | D:7      | Found a bloodstained altar of Trog.
  7305 | D:7      | Noticed a gargoyle
  7337 | D:7      | Killed a gargoyle
  7803 | D:7      | Reached XP level 11. HP: 68/81 MP: 0/0
  7803 | D:7      | Learned a level 5 spell: Yara's Violent Unravelling
  7978 | D:8      | Found a sand-covered staircase.
  7987 | Ossuary  | Entered an ossuary
  8299 | Ossuary  | Noticed Menkaure
  8304 | Ossuary  | Killed Menkaure
  8358 | D:8      | Noticed a two-headed ogre
  8363 | D:8      | Killed a two-headed ogre
  9033 | D:8      | Found a sacrificial altar of Ru.
  9494 | D:9      | Found a staircase to the Orcish Mines.
  9801 | D:9      | Found a staircase to the Lair.
  9947 | D:9      | Found a snail-covered altar of Cheibriados.
 10088 | D:9      | Noticed Psyche
 10093 | D:9      | Killed Psyche
 10094 | D:9      | Reached skill level 12 in Spellcasting
 10433 | Lair:1   | Entered Level 1 of the Lair of Beasts
 10433 | Lair:1   | Noticed an oklob plant
 10442 | Lair:1   | Noticed an elephant
 10446 | Lair:1   | Noticed an elephant
 10447 | Lair:1   | Noticed an elephant
 10454 | Lair:1   | Noticed an elephant
 10476 | Lair:1   | Reached skill level 10 in Dodging
 10480 | Lair:1   | Noticed an elephant
 10765 | D:10     | Entered Level 10 of the Dungeon
 10873 | D:10     | Noticed a skeletal warrior
 10874 | D:10     | Reached XP level 12. HP: 57/89 MP: 0/0
 10890 | D:10     | HP: 2/90 [shot self (3)]
 10896 | D:10     | Demolished by a shadow

Illustrated notes

Levels and vault maps discovered:
D:1:      minmay_arrival_open_corners, layout_basic, serial_glass,
          glass_columns_c, glass_columns_a, minmay_tree_intersection
D:2:      layout_loops_corners, basic_altar, ebering_ecumenical_altar_hall
D:3:      layout_basic, gup_sewer_entry_glass, minmay_misc_feat_secret_circle
D:4:      layout_rooms, dk_yredelemnul_ordeal, mainiacjoe_overflow_paths,
          mainiacjoe_overflow_small_starburst
D:5:      layout_loops_ring, nicolae_qazlal_style_of_elements,
          serial_park_tiny_2, reono_crystal_passage
D:6:      layout_gridville, minmay_temple_entry_statues_fountains,
          minmay_stone_trees_small
D:7:      kennysheep_windowed_halls, layout_cave_pools, general_overflow_altar,
          serial_shops, nicolae_square_shop, serial_gnoll_camp,
          gnoll_camp_mini_basic, gnoll_camp_mini_doghouse,
          gnoll_camp_huts_basic, gnoll_camp_mini_loothouse, uniq_duvessa
D:8:      layout_loops_ring, nicolae_ru_great_annihilating_truth,
          lightli_ossuary_entry_decrepit_ruins
D:9:      layout_irregular_city, kennysheep_little_box, dpeg_oklobed_lair,
          erik_orc_4, uniq_psyche
D:10:     hangedman_screamer, layout_basic, mainiacjoe_overflow_large_starburst,
          mainiacjoe_overflow_concentric_impassable, grunt_gozag_statues,
          minmay_quadrilaterals
Temple:   minmay_freezing_vapour_temple
Lair:1:   layout_gridlike, minmay_lair_oklob_bushes

Skill      XL: |  1  2  3  4  5  6  7  8  9 10 11 12 |
---------------+-------------------------------------+-----
Fighting       | 1 2 6 7 8 9 |  9.0
Spellcasting   | 3 4 5 10 11 12 | 12.3
Dodging        | 3 4 7 8 9 10 | 10.1
Armour         | 5 6 7 |  7.6
Stealth        | |  1.6

Action                   |  1- 3 |  4- 6 |  7- 9 | 10-12 || total
-------------------------+-------+-------+-------+-------++-------
Melee: Dagger            |    11 |     7 |    10 |       ||    28
       Whip              |       |       |       |    13 ||    13
 Cast: Foxfire           |    51 |   105 |   170 |   200 ||   526
       Flame Wave        |       |     1 |     4 |     5 ||    10
       Kindle Blastspark |       |       |     8 |    16 ||    24
       Scorch            |       |       |    35 |   147 ||   182
       Call Canine Famil |       |       |     3 |    10 ||    13
       Yara's Violent Un |       |       |       |     5 ||     5
       Inner Flame       |       |       |       |     2 ||     2
       Call Imp          |       |       |       |     1 ||     1
       Sting             |       |       |       |     1 ||     1
Invok: Curse Item        |       |       |       |     1 ||     1
  Use: Scroll            |     4 |       |     5 |     8 ||    17
       Potion            |       |       |     4 |     4 ||     8
 Stab: Sleeping          |     1 |       |       |     1 ||     2
       Distracted        |       |       |       |     1 ||     1
Armor: Leather armour    |     2 |     1 |     2 |       ||     5
       Robe              |       |     2 |     2 |       ||     4
       Ring mail         |       |       |    15 |    65 ||    80
Dodge: Dodged            |     3 |    12 |    42 |   125 ||   182

Table legend: (Time is in decaauts)
 A = Elapsed time spent in this place.
 B = Non-inter-level travel time spent in this place.
 C = Inter-level travel time spent in this place.
 D = Time resting spent in this place.
 E = Time spent auto-exploring this place.
 F = Levels seen in this place.
 G = Mean time per level.
                   A        B        C        D        E       F      G
               +--------+--------+--------+--------+--------+-----+--------+
         Total |  10895 |  10356 |    539 |    604 |   7548 |  14 |  778.2 |
       Dungeon |   9734 |   9195 |    539 |    604 |   6892 |  10 |  973.4 |
        Temple |     33 |     33 |      0 |      0 |      6 |   1 |   33.0 |
          Lair |     51 |     51 |      0 |      0 |      0 |   1 |   51.0 |
         Sewer |    718 |    718 |      0 |      0 |    525 |   1 |  718.0 |
       Ossuary |    356 |    356 |      0 |      0 |    125 |   1 |  356.0 |
               +--------+--------+--------+--------+--------+-----+--------+

Top non-repeatable levels by time:
     D:7: 2114 daAuts
     D:9: 1293 daAuts
     D:8: 1259 daAuts
     D:2: 1036 daAuts
     D:5: 935 daAuts
     D:1: 818 daAuts
     D:6: 810 daAuts
     D:3: 745 daAuts
   Sewer: 718 daAuts
     D:4: 590 daAuts
 Ossuary: 356 daAuts
    D:10: 130 daAuts
  Lair:1: 51 daAuts
  Temple: 33 daAuts
